 Dungeon Crawl Stone Soup version 0.17.1-3-g152610e (webtiles) character file.

150271 shizyaka the Bludgeoner (level 16, -2/151 (152) HPs)
             Began as a Minotaur Berserker on Mar 26, 2016.
             Was the Champion of Trog.
             Slain by a four-headed hydra (3 damage)
             ... on level 3 of the Swamp.
             The game lasted 03:07:23 (42099 turns).

shizyaka the Bludgeoner (Minotaur Berserker)       Turns: 42099, Time: 03:07:23

HP:   -2/151 (152)  AC:  7    Str: 29    XL:     16   Next: 98%
MP:   15/15         EV: 22    Int:  4    God:    Trog [******]
Gold: 2466          SH:  7    Dex: 13    Spells: 0 memorised, 15 levels left

rFire  + + +     SeeInvis .     S - +4 morningstar "Ysseggor" {holy, Int+2}
rCold  + . .     Clarity  +     K - +0 leather armour of the Five Demons {rF++ rN+ Int-2 Slay+3}
rNeg   + . .     SustAt   .     u - +0 buckler
rPois  +         Gourm    .     (helmet restricted)
rElec  .         Spirit   .     (no cloak)
rCorr  .         Warding  .     (no gloves)
rMut   .         Stasis   .     V - +2 pair of boots
MR     ++...                    N - amulet of clarity
Stlth  +.........               o - ring of poison resistance
                                H - ring "Ytuixev" {rF+ rC+ Dex+3}

@: exhausted, hasted and slowed, very resistant to hostile enchantments, very
unstealthy
A: retaliatory headbutt, horns 2, magic resistance 1, evolution 1
a: Berserk, Trog's Hand, Brothers in Arms, Burn Spellbooks, Renounce Religion


You were on level 3 of the Swamp.
You worshipped Trog.
Trog was exalted by your worship.
You were very hungry.

You visited 4 branches of the dungeon, and saw 31 of its levels.

You collected 2466 gold pieces.

Inventory:

Hand Weapons
 Q - the +6 dire flail of the Demagogue {venom, Int+4}
   (Trog gifted it to you on level 8 of the Lair of Beasts)

   It poisons the flesh of those it strikes.
   It affects your intelligence (+4).
 S - the +4 morningstar "Ysseggor" (weapon) {holy, Int+2}
   (Trog gifted it to you on level 10 of the Dungeon)

   It has been blessed by the Shining One to cause great damage to the undead
   and demons.
   It affects your intelligence (+2).
Armour
 u - a +0 buckler (worn)
 K - the +0 leather armour of the Five Demons (worn) {rF++ rN+ Int-2 Slay+3}
   (You found it on level 8 of the Dungeon)

   It affects your intelligence (-2).
   It affects your accuracy and damage with ranged weapons and melee attacks
   (+3).
   It greatly protects you from fire.
   It protects you from negative energy.
 V - a +2 pair of boots (worn)
Jewellery
 c - the ring of Tumoodif {Ice Dex+4}
   (You took it off an ogre mage on level 15 of the Dungeon)

   [ring of ice]

   It enhances your ice magic, and weakens your fire magic.
   It affects your dexterity (+4).
   It makes you vulnerable to fire.
   It protects you from cold.
 e - an uncursed ring of sustain attributes
 l - an uncursed ring of stealth {unknown}
 o - a ring of poison resistance (right hand)
 s - an uncursed ring of protection from magic
 x - an uncursed amulet of regeneration
 D - a +3 ring of protection
 E - a +5 ring of dexterity
 H - the ring "Ytuixev" (left hand) {rF+ rC+ Dex+3}
   (You found it on level 7 of the Dungeon)

   [ring of protection from cold]

   It affects your dexterity (+3).
   It protects you from fire.
   It protects you from cold.
 I - an uncursed ring of protection from cold
 N - an amulet of clarity (around neck)
 R - an uncursed amulet of warding
 W - an uncursed ring of protection from magic
Wands
 w - a wand of flame (30)
 L - a wand of digging (13)
Scrolls
 b - 2 scrolls of acquirement {unknown}
 i - 6 scrolls of teleportation
 j - 8 scrolls of remove curse
 m - 4 scrolls of immolation {unknown}
 n - 7 scrolls of enchant armour {unknown}
 r - 4 scrolls of enchant weapon {unknown}
 v - 3 scrolls of noise {unknown}
 y - 9 scrolls of magic mapping
 F - a scroll of amnesia {unknown}
 J - 2 scrolls of vulnerability {unknown}
 T - 2 scrolls of fear {unknown}
 X - 3 scrolls of blinking {unknown}
 Y - a scroll of silence {unknown}
 Z - 2 scrolls of fog {unknown}
Potions
 d - 2 potions of mutation
 f - a potion of flight
 g - a potion of invisibility {unknown}
 h - a potion of cancellation {unknown}
 k - 3 potions of resistance
 q - a potion of agility {unknown}
 t - 6 potions of curing
 z - 5 potions of haste
 C - 3 potions of beneficial mutation
 M - 4 potions of might
 U - 2 potions of heal wounds
Comestibles
 a - 6 slices of pizza
 p - 27 fruits
 A - 2 meat rations
 B - 3 chunks of flesh
 G - 8 royal jellies


   Skills:
 + Level 16.7 Fighting
 + Level 20.2 Maces & Flails
 + Level 10.4 Armour
 + Level 17.3 Dodging
 + Level 11.8 Shields


You had 15 spell levels left.
You didn't know any spells.

Dungeon Overview and Level Annotations

Branches:
Dungeon (15/15)            Temple (0/1) D:4            Lair (8/8) D:8
  Swamp (4/4) Lair:3        Snake (0/4) Lair:5        Slime (0/6) Lair:7
    Orc (4/4) D:12            Elf (0/3) Orc:4        Vaults (0/5) D:13
 Depths (0/5) D:15

Altars:
Ashenzari
Cheibriados
Dithmenos
Fedhas
Gozag
Kikubaaqudgha
Makhleb
Okawaru
Qazlal
Trog
Vehumet
Yredelemnul
Zin
The Shining One
Beogh
Jiyva

Shops:
D:4 [   Orc:1 }   Orc:4 }}[%*


Innate Abilities, Weirdness & Mutations

You reflexively headbutt those who attack you in melee.
You have a pair of horns on your head.
You are resistant to hostile enchantments.
You evolve.


Message History

You climb upwards.
You feel your anger subside.
You are no longer berserk.
Trog's vigour flows through your veins.
You are exhausted.
You feel yourself slow down.
You are feeling very hungry.
There is a stone staircase leading down, spattered with blood here.
Drink which item? (? for menu, Esc to quit)
You feel yourself speed up.
The five-headed hydra bites you but does no damage. x2
The five-headed hydra misses you. The five-headed hydra bites you!
* * * LOW HITPOINT WARNING * * *
The five-headed hydra bites you!
* * * LOW HITPOINT WARNING * * *
The four-headed hydra bites you!
* * * LOW HITPOINT WARNING * * *
The four-headed hydra bites you.
* * * LOW HITPOINT WARNING * * *
The four-headed hydra bites you.
You die...

♣.≈≈≈≈≈≈..≈..≈≈≈≈♣♣♣♣.≈≈.≈..♣♣♣♣♣
♣.≈≈≈≈≈≈....≈≈≈≈≈..≈≈≈≈≈≈≈≈♣♣ ♣≈
♣≈.≈≈≈.≈≈≈..≈≈≈≈≈≈.≈≈≈≈≈≈≈..♣♣ ♣♣
≈♣....≈......≈≈≈≈≈≈≈≈≈≈≈§≈..≈♣ ♣.
≈.♣.♣♣♣≈≈≈≈....≈≈≈≈≈≈≈≈.....♣♣♣♣♣
≈..♣♣♣≈≈≈♣≈≈♣♣..≈≈≈≈≈≈..#######≈#
.<..≈≈♣♣≈≈♣♣♣..≈≈≈..≈♣≈.#.....≈..
♣♣≈..≈♣♣≈≈...♣.D≈D≈♣♣♣♣.#....♣♣..
♣♣♣..≈♣≈≈..≈.≈..@D♣♣ ♣§.#....♣≈≈.
....≈..≈♣♣....≈≈.♣♣ ♣♣♣♣####♣♣#..
......≈≈.♣♣♣♣♣.≈§≈♣♣♣.♣.....≈♣≈♣.
♣......≈≈≈♣ ♣..≈§......≈..≈^§.≈♣
≈≈.≈≈≈♣.≈♣♣ ♣♣.≈♣≈≈♣≈♣..≈≈.≈♣.♣.
♣♣≈..♣♣♣♣♣ ♣♣♣♣♣♣♣.♣≈..♣♣♣♣♣♣.
♣♣♣♣♣ ♣≈..≈≈≈♣ ♣. ♣♣.≈≈≈♣♣ ♣.
♣...♣♣ ♣♣


You could see an eight-headed hydra, a five-headed hydra and a four-headed
hydra.

Vanquished Creatures
  Kirke (D:13)
  A thorn hunter (Swamp:3)
  Maud (D:11)
  A very ugly thing (Swamp:3)
  Nessos (D:12)
  An ettin (D:15)
  Josephine (D:10)
  Fannar (Orc:1)
  Harold (D:12)
  A ghost crab (Swamp:3)
  20 hydras
  Erolcha (D:13)
  Erica (D:8)
  A catoblepas (D:15)
  5 centaur warriors
  3 ogre magi
  4 tengu warriors
  11 alligators
  6 death yaks (Lair:6)
  Urug (D:11)
  5 orc high priests (Orc:4)
  A deep elf knight (D:13)
  Nergalle (Lair:4)
  A wizard (D:14)
  3 shambling mangroves
  4 hill giants
  Pikel (D:9)
  2 swamp dragons
  An orc sorcerer (D:15)
  3 orc knights (Orc:4)
  4 griffons
  5 ugly things
  7 cyclopes
  A hornet (Swamp:2)
  2 manticores
  13 elephants
  Maurice (D:8)
  A gargoyle (D:15)
  2 centaur zombies
  5 black mambas
  Psyche (D:12)
  4 molten gargoyles
  12 komodo dragons
  15 spiny frogs
  A yaktaur (D:15)
  2 fire drakes
  A spriggan druid (Lair:8)
  A deep elf priest (D:13)
  6 trolls
  9 polar bears
  7 giant leeches
  A queen bee (Lair:3)
  A tengu conjurer (Swamp:2)
  6 two-headed ogres
  3 bog bodies
  13 slime creatures
  36 blink frogs
  The ghost of shizyaka the Skirmisher, an amateur OgBe of Trog (D:3)
  3 shadows
  7 redbacks (Lair:8)
  5 hogs
  17 spriggans
  3 deep elf magi
  59 yaks
  9 humans
  3 wyverns
  A basilisk (D:13)
  4 wraiths (D:10)
  Grum (Lair:1)
  15 hippogriffs
  A deep elf fighter (D:13)
  3 mottled dragons
  28 vampire mosquitoes
  8 wargs
  4 hungry ghosts
  An insubstantial wisp (Swamp:2)
  Edmund (D:5)
  15 swamp worms
  35 wolves
  A soldier ant (D:12)
  2 nagas (Lair:5)
  11 porcupines
  8 swamp drakes
  29 orc warriors
  4 sky beasts
  16 ogres
  15 wasps
  11 black bears
  7 necrophages
  16 water moccasins
  2 slaves (D:9)
  2 ice beasts
  13 crocodiles
  A boggart (D:13)
  2 phantoms
  10 centaurs
  22 giant frogs
  A wyvern zombie (D:9)
  3 scorpions
  2 troll zombies (D:12)
  31 killer bees
  11 crimson imps
  An electric eel (Lair:3)
  11 wights
  3 giant frog zombies
  5 lava snakes (Lair:5)
  5 hounds
  10 iguanas
  37 orc priests
  3 jellies
  4 centaur skeletons
  9 worker ants
  2 giant frog skeletons
  Terence (D:2)
  A quasit (D:7)
  34 orc wizards
  4 hell rats (Lair:3)
  31 sheep
  6 ogre zombies (D:12)
  A giant frog simulacrum (D:12)
  A hound zombie (D:8)
  A mummy (D:8)
  Robin (D:4)
  10 gnolls
  A worker ant zombie (D:8)
  11 adders
  6 shadow imps
  41 river rats
  An ooze (D:1)
  2 adder skeletons
  3 worms
  7 giant geckos
  176 orcs
  2 ball pythons
  A bat zombie (D:9)
  4 giant cockroaches
  14 goblins
  4 hobgoblins
  11 jackals
  8 quokkas
  6 bats
  A giant gecko skeleton (D:4)
  7 giant newts
  3 goblin skeletons
  A goblin zombie (D:8)
  4 hobgoblin zombies
  8 kobolds
  4 kobold skeletons (D:8)
  4 orc skeletons
  20 orc zombies
  A quokka skeleton (D:4)
  7 rats
  3 rat zombies (D:9)
  3 fungi
  2 plants
1236 creatures vanquished.

Vanquished Creatures (others)
  2 slaves (D:9)
  A quokka (D:9)
  60 fungi
  20 plants
83 creatures vanquished.

Grand Total: 1319 creatures vanquished

Notes
Turn   | Place    | Note
--------------------------------------------------------------
     0 | D:1      | shizyaka the Minotaur Berserker began the quest for the Orb.
     0 | D:1      | Reached XP level 1. HP: 19/19 MP: 0/0
   476 | D:1      | Reached skill level 4 in Fighting
   531 | D:1      | Reached XP level 2. HP: 25/27 MP: 1/1
   938 | D:1      | Reached ** piety under Trog
  1099 | D:1      | Reached XP level 3. HP: 31/33 MP: 2/2
  1415 | D:2      | Found a shattered altar of Ashenzari.
  1508 | D:2      | Noticed Terence
  1522 | D:2      | Killed Terence
  1522 | D:2      | Reached XP level 4. HP: 30/41 MP: 3/3
  2243 | D:3      | Noticed shizyaka's ghost (amateur OgBe)
  2249 | D:3      | Killed shizyaka's ghost
  2249 | D:3      | Reached skill level 5 in Fighting
  2249 | D:3      | Reached XP level 5. HP: 48/48 MP: 4/4
  2278 | D:3      | Noticed a sky beast
  2287 | D:3      | Killed a sky beast
  2287 | D:3      | Reached skill level 5 in Maces & Flails
  2287 | D:3      | Reached skill level 5 in Dodging
  2287 | D:3      | Reached XP level 6. HP: 30/56 MP: 5/5
  2684 | D:3      | Found a burning altar of Makhleb.
  2960 | D:3      | Found a blossoming altar of Fedhas.
  3260 | D:4      | Found a staircase to the Ecumenical Temple.
  3294 | D:4      | Found Vyjaoruh's Antique Armour Shop.
  3341 | D:4      | Reached XP level 7. HP: 62/62 MP: 6/6
  3359 | D:4      | Reached *** piety under Trog
  3693 | D:4      | Noticed Robin
  3712 | D:4      | Killed Robin
  3720 | D:4      | Reached skill level 6 in Fighting
  4031 | D:4      | Reached skill level 5 in Armour
  4803 | D:5      | Entered Level 5 of the Dungeon
  4975 | D:5      | Reached XP level 8. HP: 71/71 MP: 7/7
  4981 | D:5      | Found a snail-covered altar of Cheibriados.
  5060 | D:5      | Found a glowing silver altar of Zin.
  5100 | D:5      | Reached skill level 1 in Shields
  5131 | D:5      | Noticed Edmund
  5133 | D:5      | Found a radiant altar of Vehumet.
  5149 | D:5      | Killed Edmund
  5507 | D:5      | Reached skill level 7 in Maces & Flails
  5579 | D:6      | Reached **** piety under Trog
  6105 | D:6      | Reached skill level 8 in Maces & Flails
  6480 | D:6      | Reached XP level 9. HP: 81/81 MP: 8/8
  6676 | D:6      | Found a bloodstained altar of Trog.
  6684 | D:6      | Found a stormy altar of Qazlal.
  6694 | D:6      | Found an opulent altar of Gozag.
  6701 | D:6      | Found a glowing silver altar of Zin.
  6701 | D:6      | Found a basalt altar of Yredelemnul.
  7208 | D:7      | Got a glittering turquoise ring
  7354 | D:7      | Reached skill level 9 in Maces & Flails
  7545 | D:8      | Reached ***** piety under Trog
  7568 | D:8      | Got a faintly glowing leather armour
  7579 | D:8      | Identified the cursed +0 leather armour of the Five Demons {rF++ rN+ Int-2 Slay+3} (You found it on level 8 of the Dungeon)
  7593 | D:8      | Found an iron altar of Okawaru.
  7621 | D:8      | Found a shadowy altar of Dithmenos.
  7621 | D:8      | Noticed Maurice
  7640 | D:8      | Killed Maurice
  7731 | D:8      | Found a staircase to the Lair.
  7797 | D:8      | Found a glowing golden altar of the Shining One.
  7845 | D:8      | Reached skill level 10 in Maces & Flails
  7935 | D:8      | Reached XP level 10. HP: 66/91 MP: 9/9
  8173 | D:8      | Identified the ring "Ytuixev" {rF+ rC+ Dex+3} (You found it on level 7 of the Dungeon)
  8463 | D:8      | Noticed Erica
  8473 | D:8      | Killed Erica
  8473 | D:8      | Reached skill level 11 in Maces & Flails
  8813 | D:9      | Noticed Pikel
  8821 | D:9      | Killed Pikel
  8821 | D:9      | Reached skill level 10 in Fighting
  8821 | D:9      | Reached skill level 5 in Shields
  8915 | D:9      | Received a gift from Trog
  8936 | D:9      | Gained mutation: You evolve. [mutagenic meat]
  9469 | D:9      | Found an ancient bone altar of Kikubaaqudgha.
  9511 | D:9      | Found a shadowy altar of Dithmenos.
  9534 | D:9      | Reached XP level 11. HP: 87/100 MP: 10/10
  9851 | D:10     | Entered Level 10 of the Dungeon
  9894 | D:10     | Noticed a hill giant
  9904 | D:10     | Killed a hill giant
 10087 | D:10     | Found a shadowy altar of Dithmenos.
 10120 | D:10     | Noticed Josephine
 10132 | D:10     | Killed Josephine
 10132 | D:10     | Reached skill level 12 in Maces & Flails
 10152 | D:10     | Reached skill level 10 in Dodging
 10338 | D:10     | Received a gift from Trog
 10350 | D:10     | Got a transparent morningstar {god gift}
 10351 | D:10     | Identified the +4 morningstar "Ysseggor" {holy, Int+2} (Trog gifted it to you on level 10 of the Dungeon)
 10661 | D:10     | Found a radiant altar of Vehumet.
 10852 | Lair:1   | Entered Level 1 of the Lair of Beasts
 11552 | Lair:1   | Noticed Grum
 11558 | Lair:1   | Reached skill level 13 in Maces & Flails
 11576 | Lair:1   | Killed Grum
 11764 | Lair:1   | Reached XP level 12. HP: 98/109 MP: 11/11
 12689 | Lair:2   | Noticed a seven-headed hydra
 12696 | Lair:2   | Killed a seven-headed hydra
 13639 | Lair:2   | Reached skill level 14 in Maces & Flails
 14032 | Lair:3   | Received a gift from Trog
 14057 | Lair:3   | Noticed a five-headed hydra
 14090 | Lair:3   | Killed a five-headed hydra
 14811 | Lair:3   | Found a staircase to the Swamp.
 14909 | Lair:3   | Reached XP level 13. HP: 67/118 MP: 12/12
 15310 | Lair:3   | Got a fine ring mail
 15324 | Lair:3   | Identified the +2 ring mail of Inviolability {rPois} (You found it on level 3 of the Lair of Beasts)
 15807 | Lair:4   | Reached skill level 15 in Maces & Flails
 15893 | Lair:4   | Noticed Nergalle
 15909 | Lair:4   | Killed Nergalle
 16658 | Lair:5   | Received a gift from Trog
 16918 | Lair:5   | Found a staircase to the Snake Pit.
 18348 | Lair:6   | Reached skill level 16 in Maces & Flails
 18358 | Lair:6   | HP: 3/181 [death yak (24)]
 19395 | Lair:6   | Reached ****** piety under Trog
 19395 | Lair:6   | Received a gift from Trog
 20139 | Lair:7   | Reached XP level 14. HP: 95/128 MP: 13/13
 20824 | Lair:7   | Found a viscous altar of Jiyva.
 20824 | Lair:7   | Found a staircase to the Slime Pits.
 21242 | Lair:8   | Entered Level 8 of the Lair of Beasts
 21316 | Lair:7   | Reached skill level 17 in Maces & Flails
 21557 | Lair:8   | Received a gift from Trog
 21573 | Lair:8   | Got a crystal dire flail {god gift}
 21615 | Lair:8   | Gained mutation: You are resistant to hostile enchantments. [evolution]
 22979 | Lair:8   | Received a gift from Trog
 23115 | Lair:8   | Identified the +6 dire flail of the Demagogue {venom, Int+4} (Trog gifted it to you on level 8 of the Lair of Beasts)
 23847 | Lair:8   | Reached skill level 10 in Armour
 24786 | D:11     | Noticed Maud
 24804 | D:11     | Killed Maud
 24804 | D:11     | Reached XP level 15. HP: 138/138 MP: 14/14
 24806 | D:11     | Reached skill level 15 in Dodging
 24937 | D:11     | Reached skill level 18 in Maces & Flails
 24939 | D:11     | Reached skill level 10 in Shields
 25231 | D:11     | Noticed Urug
 25239 | D:11     | Killed Urug
 25515 | D:12     | Noticed Harold
 25910 | D:12     | Noticed Nessos
 25915 | D:12     | Killed Nessos
 26175 | D:12     | Killed Harold
 26178 | D:12     | Noticed Psyche
 26189 | D:12     | Killed Psyche
 26451 | D:12     | Found a staircase to the Orcish Mines.
 26659 | Orc:1    | Entered Level 1 of the Orcish Mines
 26822 | Orc:1    | Received a gift from Trog
 26955 | Orc:1    | Found Tuefay's Gadget Shoppe.
 26982 | Orc:1    | Noticed Fannar
 26998 | Orc:1    | Killed Fannar
 27340 | Orc:1    | Found a roughly hewn altar of Beogh.
 27468 | Orc:2    | Reached skill level 15 in Fighting
 27778 | Orc:3    | Received a gift from Trog
 28524 | Orc:4    | Entered Level 4 of the Orcish Mines
 28677 | Orc:4    | Found Otsam's Quality Used Wands.
 28723 | Orc:4    | Found a staircase to the Elven Halls.
 28751 | Orc:4    | Received a gift from Trog
 28766 | Orc:4    | Got an ancient demon trident {god gift}
 28767 | Orc:4    | Identified the +7 demon trident of Ceyjor {freeze, rN+ Stlth+} (Trog gifted it to you on level 4 of the Orcish Mines)
 28797 | Orc:4    | Found a roughly hewn altar of Beogh.
 30738 | Orc:4    | Found Irimiyt's Armour Shop.
 30738 | Orc:4    | Found Xaitay's Gadget Shop.
 30739 | Orc:4    | Found Wochex's General Store.
 30739 | Orc:4    | Found Ruffirch's Food Boutique.
 31607 | D:13     | Noticed Erolcha
 31871 | D:13     | Noticed Kirke
 31884 | D:13     | Killed Erolcha
 31884 | D:13     | Received a gift from Trog
 31898 | D:13     | Reached skill level 19 in Maces & Flails
 32161 | D:13     | Killed Kirke
 33146 | D:13     | Found a gate to the Vaults.
 33674 | D:14     | Reached XP level 16. HP: 146/148 MP: 15/15
 34456 | D:15     | Entered Level 15 of the Dungeon
 35905 | D:15     | Found a staircase to the Depths.
 36039 | D:15     | Got a transparent silver ring
 36326 | D:15     | Found a shattered altar of Ashenzari.
 36350 | D:15     | Received a gift from Trog
 36956 | Swamp:1  | Entered Level 1 of the Swamp
 39511 | Swamp:2  | Received a gift from Trog
 40166 | Swamp:2  | Got a faintly glowing golden ring
 40254 | Swamp:2  | Identified the ring of Tumoodif {Ice Dex+4} (You took it off an ogre mage on level 15 of the Dungeon)
 40260 | Swamp:2  | Identified the ring of Inlos {Str-5 Int+3 Dex+6} (You found it on level 2 of the Swamp)
 40454 | Swamp:3  | Reached skill level 20 in Maces & Flails
 42078 | Swamp:4  | Entered Level 4 of the Swamp
 42099 | Swamp:3  | HP: 6/151 [four-headed hydra (10)]
 42099 | Swamp:3  | HP: 1/151 [four-headed hydra (5)]
 42099 | Swamp:3  | Slain by a four-headed hydra

Action                   |  1- 3 |  4- 6 |  7- 9 | 10-12 | 13-15 | 16-18 || total
-------------------------+-------+-------+-------+-------+-------+-------++-------
Melee: Mace              |    70 |    98 |   231 |     2 |       |       ||   401
       Flail             |       |       |   141 |   247 |       |       ||   388
       Morningstar       |       |       |       |   301 |  1471 |   542 ||  2314
       Unarmed           |       |       |       |       |     8 |       ||     8
Invok: Berserk           |       |     2 |     2 |     4 |     6 |     5 ||    19
       Burn Spellbooks   |       |       |       |       |     5 |     1 ||     6
  Use: Scroll            |       |       |       |     5 |    10 |     9 ||    24
       Potion            |       |       |       |       |     1 |     2 ||     3
 Stab: Sleeping          |       |       |       |     1 |     2 |       ||     3
       Distracted        |       |       |       |       |     2 |       ||     2
       Petrifying        |       |       |       |       |       |     1 ||     1
  Eat: Chunk             |     2 |     8 |    18 |    23 |    60 |    25 ||   136
       Pizza             |       |       |       |     3 |       |     1 ||     4
       Fruit             |       |       |       |       |     5 |       ||     5
       Beef jerky        |       |       |       |       |     1 |     4 ||     5
